 Dungeon Crawl Stone Soup version 0.25-a0-890-g62861fb (webtiles) character file.

Game seed: 17164947843355178624, levelgen mode: deterministic

226 BlueFish the Grasshopper (level 6, -2/41 HPs)
             Began as an Octopode Warper on May 11, 2020.
             Slain by an orc priest
             ... wielding a +0 dagger
              (4 damage)
             ... on level 4 of the Dungeon.
             The game lasted 00:10:31 (3402 turns).

BlueFish the Grasshopper (Octopode Warper)          Turns: 3402, Time: 00:10:31

Health: -2/41      AC:  1    Str: 12    XL:     6   Next: 1%
Magic:  17/18      EV: 14    Int: 15    God:
Gold:   124        SH:  0    Dex: 12    Spells: 5/9 levels left

rFire    . . .     SeeInvis .     - Unarmed
rCold    . . .     Gourm    .   (no shield)
rNeg     . . .     Faith    .   (helmet restricted)
rPois    .         Spirit   .   (no amulet)
rElec    .         Reflect  .   l - ring of magical power
rCorr    .         Harm     .   (no ring)
MR       .....                  (no ring)
Stlth    +++.......             (no ring)
HPRegen  0.13/turn              (no ring)
MPRegen  0.16/turn              (no ring)
                                (no ring)
                                (no ring)

@: no status effects
A: almost no armour, stealthy swim, amphibious, 8 rings, constrict 8, camouflage
1, gelatinous body 1
a: no special abilities


You were on level 4 of the Dungeon.
You were not hungry.

You visited 1 branch of the dungeon, and saw 4 of its levels.

You collected 124 gold pieces.

Inventory:

Missiles
 c - 5 boomerangs of dispersal (quivered)
 e - 39 poisoned darts
Jewellery
 l - a ring of magical power (left tentacle)
Wands
 o - a wand of random effects (13)
Scrolls
 b - a scroll of blinking
 f - 2 scrolls of enchant armour {unknown}
 g - 3 scrolls of identify {unknown}
 h - 4 scrolls of remove curse {unknown}
 i - a scroll of amnesia {unknown}
 j - a scroll of teleportation
 m - 2 scrolls of enchant weapon {unknown}
 q - 2 scrolls of fear {unknown}
Potions
 a - a potion of haste
 n - a potion of stabbing {unknown}
 p - a potion of mutation {unknown}
 r - a potion of curing {unknown}
Comestibles
 d - 4 rations


   Skills:
 * Level 2.6 Fighting
 * Level 2.0 Throwing
 * Level 3.1 Dodging
 * Level 2.7 Stealth
 * Level 3.2 Unarmed Combat
 + Level 2.4 Spellcasting
 + Level 1.2 Charms
 * Level 3.6 Translocations


You had 5 spell levels left.
You knew the following spells:

 Your Spells              Type           Power        Failure   Level  Hunger
a - Shroud of Golubria    Chrm/Tloc      #.....       12%         2    ###....
b - Blink                 Tloc           N/A          7%          2    ###....

Your spell library contained the following spells:

 Spells                   Type           Power        Failure   Level  Hunger
 Gell's Gravitas          Tloc           ##........   14%         3    ###....
 Lesser Beckoning         Tloc           ##........   14%         3    ###....
 Teleport Other           Tloc           ##......     14%         3    ###....
 Passage of Golubria      Tloc           N/A          43%         4    #####..


Dungeon Overview and Level Annotations

Branches:
Dungeon (4/15)
 Temple: D:4-7

Altars:
Dithmenos
Fedhas
Gozag
Hepliaklqana
Makhleb
Qazlal
Ru
Wu Jian
Yredelemnul
Zin
The Shining One

Annotations:
D:4 exclusion: oklob plant


Innate Abilities, Weirdness & Mutations

You cannot wear most types of armour.
You are very stealthy in the water. (Stealth+)
You are amphibious.
You can wear up to eight rings at the same time.
You can use your tentacles to constrict eight enemies at once.
Your skin changes colour to match your surroundings (Stealth+).
Your rubbery body absorbs attacks. (AC +1, EV +1)


Message History

* * * LOW HITPOINT WARNING * * *
Your shroud falls apart!
You tentacle-slap the worker ant but do no damage.
You squeeze the worker ant.
You kill the worker ant!
You have reached level 6!
Your experience leads to an increase in your attributes!
Increase (S)trength, (I)ntelligence, or (D)exterity?
You feel stronger.
Your surroundings suddenly seem different.
You lose your grip on something. x2
You tentacle-slap the orc priest. Your grab misses the orc priest.
Your tentacle-slap misses the orc priest.
The orc priest is moderately wounded.
The orc priest hits you with a +0 dagger.
* * * LOW HITPOINT WARNING * * *
You tentacle-slap the orc priest. Your grab misses the orc priest.
The orc priest is heavily wounded.
The orc priest hits you with a +0 dagger.
You die...

#...........##....#
#.##...............
##...............##
#####..............##
######...##........>...###
#...##._..##...........# #
#....#$...####.........###
##....#$$..o.........#..##.
#.....#$..@#.†.......##.##.
###...#._..#.o...##..##[##.
#.....#...##......##.#..#..
##....#####.......##....##.
##.....##.........#....##.
##...(.#......##......#..
####..#...#.............
#......#......#...#..
#..#...#......##..##.


You could see an orc priest.

Vanquished Creatures
  Jessica (D:2)
  Ijyb (D:3)
  2 worker ants
  Robin (D:2)
  4 adders
  A worm (D:2)
  A dart slug (D:1)
  A leopard gecko (D:2)
  5 orcs
  A giant cockroach (D:1)
  12 hobgoblins
  3 kobolds
  A ball python (D:2)
  6 bats
  8 frilled lizards
  19 goblins
  A jackal skeleton (D:4)
  5 rats
73 creatures vanquished.

Notes
Turn   | Place    | Note
-------+----------+-------------------------------------------
     0 | D:1      | BlueFish the Octopode Warper began the quest for the Orb.
     0 | D:1      | Reached XP level 1. HP: 14/14 MP: 3/3
   237 | D:1      | Reached XP level 2. HP: 18/19 MP: 5/5
   241 | D:1      | Learned a level 2 spell: Shroud of Golubria
   244 | D:1      | Learned a level 2 spell: Blink
   768 | D:1      | Reached skill level 1 in Stealth
  1208 | D:2      | Reached XP level 3. HP: 24/24 MP: 3/6
  1660 | D:2      | Reached XP level 4. HP: 25/29 MP: 7/7
  2030 | D:2      | Noticed Jessica
  2104 | D:2      | Noticed Robin
  2262 | D:2      | Killed Jessica
  2294 | D:2      | Reached XP level 5. HP: 34/35 MP: 8/8
  2306 | D:2      | Killed Robin
  2463 | D:3      | Found a basalt altar of Yredelemnul.
  2569 | D:3      | Noticed Ijyb
  2618 | D:3      | Killed Ijyb
  2649 | D:3      | Found a shadowy altar of Dithmenos.
  2695 | D:3      | Reached skill level 1 in Charms
  2751 | D:3      | Found a burning altar of Makhleb.
  2755 | D:3      | Found a stormy altar of Qazlal.
  2757 | D:3      | Found a sacrificial altar of Ru.
  2757 | D:3      | Found a blossoming altar of Fedhas.
  2758 | D:3      | Found an ornate altar of the Wu Jian Council.
  2762 | D:3      | Found a hazy altar of Hepliaklqana.
  2776 | D:3      | Found a glowing golden altar of the Shining One.
  3029 | D:4      | Found a blossoming altar of Fedhas.
  3044 | D:4      | Noticed an oklob plant
  3387 | D:4      | Found an opulent altar of Gozag.
  3387 | D:4      | Found a glowing silver altar of Zin.
  3400 | D:4      | Reached XP level 6. HP: 8/41 MP: 9/9
  3401 | D:4      | HP: 2/41 [orc priest/+0 dagger (6)]
  3402 | D:4      | Slain by an orc priest

Levels and vault maps discovered:
D:1:      dpeg_arrival_water_fire, layout_basic
D:2:      layout_rooms, kennysheep_generic_room_2, uniq_jessica, uniq_robin
D:3:      layout_rooms, lemuel_crystal_altar, nicolae_overflow_hidden_temple,
          minitemple, grunt_dithmenos_smoke, uniq_ijyb
D:4:      layout_cave_pools, grunt_temple_overflow_gold_and_silver,
          first_ration, tgw_fedhas

Skill      XL: |  1  2  3  4  5 |
---------------+----------------+-----
Stealth        | 1 2 |  2.7
Dodging        | 3 |  3.1
Unarmed Combat | 3 |  3.2
Charms         | 1 |  1.2
Throwing       | 2 |  2.0
Fighting       | |  2.6
Spellcasting   | |  2.4
Translocations | |  3.6

Action                   |  1- 3 |  4- 6 || total
-------------------------+-------+-------++-------
Melee: Unarmed           |   104 |    99 ||   203
       Constrict         |    19 |    30 ||    49
       Tentacles         |     7 |    22 ||    29
       Punch             |     1 |     3 ||     4
 Cast: Shroud of Golubri |    15 |    25 ||    40
  Use: Scroll            |     2 |     1 ||     3
       Potion            |     2 |       ||     2
 Stab: Sleeping          |     6 |     4 ||    10
  Eat: Chunk             |     3 |     8 ||    11
Armor: Skin              |    19 |     3 ||    22
Dodge: Dodged            |    75 |    40 ||   115

Table legend:
 A = Non-vault XP
 B = Vault XP
 C = Vault XP percentage of total XP
 D = Non-vault monster count
 E = Vault monster count
 F = Vault count percentage of total count
                 A         B        C        D         E       F
            +---------+---------+-------+---------+---------+-------
      Total |     209 |     114 |  35.3 |      56 |      17 |  23.3
            +---------+---------+-------+---------+---------+-------
        D:1 |      33 |       0 |   0.0 |      21 |       0 |   0.0
        D:2 |      75 |      78 |  51.0 |      17 |      16 |  48.5
        D:3 |      36 |      36 |  50.0 |      12 |       1 |   7.7
        D:4 |      65 |       0 |   0.0 |       6 |       0 |   0.0
            +---------+---------+-------+---------+---------+-------
